 Dungeon Crawl Stone Soup version 0.30.0-17-ge0270778cf (webtiles) character file.

Game seed: 920620225037199093

20 Diggabert the Conjurer (level 2, -3/15 HPs)
             Began as a Deep Elf Conjurer on May 22, 2023.
             Slain by Terence
             ... wielding a +0 flail
              (11 damage)
             ... on level 2 of the Dungeon.
             The game lasted 00:01:53 (963 turns).

Diggabert the Conjurer (Deep Elf Conjurer)           Turns: 963, Time: 00:01:54

Health: -3/15      AC:  2    Str:  4    XL:     2   Next: 58%
Magic:  1/8        EV: 12    Int: 22    God:
Gold:   36         SH:  0    Dex: 13    Spells: 4/7 levels left

rFire   . . .        f - staff of death
rCold   . . .        (no shield)
rNeg    + . .        a - +0 robe
rPois   .            (no helmet)
rElec   .            (no cloak)
rCorr   .            (no gloves)
SInv    .            (no boots)
Will    .....        (no amulet)
Stlth   ++           (no ring)
HPRegen 0.22/turn    (no ring)
MPRegen 0.11/turn

%: no passive effects
@: no status effects
A: no striking features
a: no special abilities


You were on level 2 of the Dungeon.
You visited 1 branch of the dungeon, and saw 2 of its levels.

You collected 36 gold pieces.

Inventory:

Hand Weapons
 e - a +2 dagger of flaming
Armour
 a - a +0 robe (worn)
Magical Staves
 f - a staff of death (weapon)
Scrolls
 c - 2 scrolls of identify {unknown}
Potions
 b - a potion of magic
 d - a potion of heal wounds {unknown}


   Skills:
 * Level 0.2 Fighting
 * Level 2.4 Dodging
 - Level 2.4 Stealth
 * Level 3.1 Spellcasting
 * Level 5.1 Conjurations


You had 4 spell levels left.
You knew the following spells:

 Your Spells              Type           Power      Damage    Failure   Level
a - Magic Dart            Conj           100%       1d8       1%          1
b - Searing Ray           Conj           52%        2d6       2%          2

Your spell library contained the following spells:

 Spells                   Type           Power      Damage    Failure   Level
 Dazzling Flash           Conj/Hex       28%        N/A       13%         3
 Call Imp                 Summ           6%         N/A       19%         2
 Mephitic Cloud           Conj/Pois/Air  11%        N/A       19%         3
 Fulminant Prism          Conj/Hex       7%         3d7       38%         4
 Iskenderun's Mystic Bla  Conj/Tloc      14%        2d5       38%         4


Dungeon Overview and Level Annotations

Branches:
Dungeon (2/15)

Altars:

Annotations:
D:2 Terence


Message History

You see here a staff of death.
f - a staff of death Your +2 dagger of flaming stops flaming.
f - a staff of death (weapon)
Okay, then.
Done exploring.
Search for what [Enter for "."]?
You see here a +0 ring mail.
There is a stone staircase leading down here.
You climb downwards.
There is a stone staircase leading up here.
You open the door.
Terence the Incautious comes into view.
He is wielding a +0 flail.
Casting: Magic Dart (safe; 1% risk of failure)
Confirm with . or Enter, or press ? or * to list all spells.
Aiming: Searing Ray (safe; 2% risk of failure)
Press: ? - help, Shift-Dir - straight line, f - Terence
Aim: Terence, wielding a +0 flail and wearing a +0 chain mail (asleep, 100% to hit)
The searing ray hits Terence but does no damage.
Terence shouts! (Press . to maintain the ray.)
The searing ray hits Terence.
Terence is moderately wounded.
The searing ray hits Terence.
Terence is heavily wounded.
The searing ray hits Terence!
Terence is almost dead.
You finish channelling your searing ray.
Terence hits you with a +0 flail!
Casting: Searing Ray (safe; 2% risk of failure)
Confirm with . or Enter, or press ? or * to list all spells.
Aiming: Searing Ray (safe; 2% risk of failure)
Press: ? - help, Shift-Dir - straight line, f/p - Terence
Aim: Terence, wielding a +0 flail and wearing a +0 chain mail (almost dead, 85% to hit)
The searing ray hits Terence but does no damage.
Terence is almost dead. (Press . to maintain the ray.) Terence hits you with a +0 flail!
Ouch! That really hurt!
You die...

#+#+ #####
..... +...#
8...⌠.#.<.#
......@@..#
#+#+#+#####


You could see Terence.

Vanquished Creatures
  3 ball pythons (D:1)
  A bat (D:1)
  An endoplasm (D:1)
  3 goblins (D:1)
  A hobgoblin (D:1)
  2 kobolds (D:1)
  3 quokkas (D:1)
  2 frilled lizards (D:1)
  2 rats (D:1)
18 creatures vanquished.

Notes
Turn   | Place    | Note
-------+----------+-------------------------------------------
     0 | D:1      | Diggabert the Deep Elf Conjurer began the quest for the
                  | Orb.
     0 | D:1      | Reached XP level 1. HP: 10/10 MP: 6/6
   234 | D:1      | Reached XP level 2. HP: 15/15 MP: 6/8
   273 | D:1      | Learned a level 2 spell: Searing Ray
   540 | D:1      | Reached skill level 5 in Conjurations
   958 | D:2      | Noticed Terence
   963 | D:2      | Slain by Terence

Illustrated notes

Levels and vault maps discovered:
D:1:      sevenhm_arrival_forest_fort_small_3, layout_loops_ring,
          minmay_strange_pillars, nicolae_concentric_dashed_squares_mild
D:2:      layout_loops_cross, shapermc_ecumenical_altar_pompeii,
          nicolae_elevator_lobby_plus, uniq_crazy_yiuf_cottage, uniq_terence,
          uniq_natasha

Skill      XL: |  1  2 |
---------------+-------+-----
Conjurations   | 5 |  5.1
Fighting       | |  0.2
Dodging        | |  2.4
Stealth        | |  2.4
Spellcasting   | |  3.1

Action                     || total
---------------------------++-------
   Cast: Magic Dart        ||    28
         Searing Ray       ||     2
 Armour: Robe              ||     1
  Dodge: Dodged            ||     3
